 Dungeon Crawl Stone Soup version 0.16.1-66-g04f09c5 (webtiles) character file.

156442 Freud the Spry (level 17, 0/79 HPs)
             Began as a Spriggan Wizard on Aug 10, 2015.
             Was an Initiate of Gozag.
             Slain by an alligator snapping turtle (40 damage)
             ... on level 5 of the Shoals on Aug 11, 2015.
             The game lasted 17:36:02 (56303 turns).

Freud the Spry (Spriggan Wizard)                   Turns: 56303, Time: 17:36:02

Health: 0/79       AC:  8    Str:  3    XL:     17   Next: 10%
Magic:  23/29      EV: 34    Int: 21    God:    Gozag
Gold:   5355       SH:  8    Dex: 18    Spells: 10 memorised, 13 levels left

rFire  + . .     SeeInvis +     b - +6 dagger (flame)
rCold  + . .     Clarity  .     s - +2 robe {rC+}
rNeg   . . .     SustAb   .     t - +0 buckler {AC+3}
rPois  +         Gourm    .     T - +2 hat
rElec  +         Spirit   .     c - -2 cloak "Serouz" {Contam rPois rF+ MR+ MP-9}
rCorr  .         Warding  .     (gloves unavailable)
rMut   .         Stasis   .     (boots unavailable)
MR     +++..                    A - amulet of faith
Stlth  ++++++....               F - +4 ring of slaying
                                Q - ring "Yriumomm" {+Fly rElec Slay+5 Stlth-}

@: studying Long Blades, repel missiles, very quick, extremely resistant to
hostile enchantments, very stealthy
A: unfitting armour, see invisible, clumsy 1, herbivore 3, speed 3, robust 1,
screaming 1, slow metabolism 2
a: Potion Petition, Call Merchant, Bribe Branch, Renounce Religion, Evoke Flight


You were on level 5 of the Shoals.
You worshipped Gozag.
Gozag was noncommittal.
You were not hungry.

You visited 6 branches of the dungeon, and saw 34 of its levels.
You also visited: Labyrinth and Sewer.

You collected 11702 gold pieces.
You spent 2173 gold pieces at shops.
You paid 4174 gold pieces to Gozag.

Inventory:

Hand weapons
 a - a +2 dagger of venom
 b - a +6 dagger of flaming (weapon)
 e - a +1 rapier of freezing
 q - a +0 hunting sling
 w - the +3 blowgun of Plothye {speed, +Fly rElec rPois rF- SInv}
   (You bought it in a shop on level 4 of the Orcish Mines)

   Attacks with this weapon are significantly faster.
   It makes you vulnerable to fire.
   It insulates you from electricity.
   It protects you from poison.
   It enhances your eyesight.
   It lets you fly.
Missiles
 h - 6 curare-tipped needles
 j - 59 tomahawks (quivered)
 k - 3 throwing nets
 n - 124 poisoned needles
 C - 250 sling bullets
 G - 758 stones
Armour
 c - the -2 cloak "Serouz" (worn) {Contam rPois rF+ MR+ MP-9}
   (You acquired it on level 1 of the Lair of Beasts)

   It protects you from fire.
   It protects you from poison.
   It affects your resistance to hostile enchantments.
   It affects your magic capacity (-9).
   It causes magical contamination when unequipped.
 s - a +2 robe of cold resistance (worn)
 t - a +0 buckler of protection (worn)
 T - a +2 hat (worn)
Rods
 Y - a +5 rod of destruction (14/14)
   (You found it on level 8 of the Lair of Beasts)
Jewellery
 l - an uncursed ring of teleportation
 A - an amulet of faith (around neck)
 F - a +4 ring of slaying (right hand)
 I - the ring "Napabb" {rF+ rN+ MR+ Int-3 Stlth-}
   (You bought it in a shop on level 4 of the Orcish Mines)

   [ring of intelligence]

   It affects your intelligence (-3).
   It protects you from fire.
   It protects you from negative energy.
   It affects your resistance to hostile enchantments.
   It makes you less stealthy.
 N - an uncursed ring of protection from cold
 Q - the ring "Yriumomm" (left hand) {+Fly rElec Slay+5 Stlth-}
   (You found it on level 8 of the Lair of Beasts)

   [ring of loudness]

   It affects your accuracy and damage with ranged weapons and melee attacks
   (+5).
   It insulates you from electricity.
   It lets you fly.
   It makes you less stealthy.
 W - an uncursed ring of teleport control
Magical devices
 d - a wand of paralysis (14)
 v - a wand of random effects (37)
 L - a wand of disintegration (5)
 U - a wand of digging (10)
Scrolls
 p - 4 scrolls of noise
 r - a scroll of identify
 u - 14 scrolls of teleportation
 y - 2 scrolls of remove curse
 D - a scroll of silence
 J - 8 scrolls of fog
 O - 5 scrolls of magic mapping
 S - 5 scrolls of blinking
 Z - 7 scrolls of fear
Potions
 g - 2 potions of cancellation
 i - 10 potions of curing
 m - a potion of ambrosia
 o - 8 potions of restore abilities
 x - 2 potions of resistance
 B - 2 potions of magic
 H - a potion of haste
 K - 4 potions of heal wounds
 M - 3 potions of might
 P - 3 potions of agility
Books
 z - a manual of Long Blades
Comestibles
 f - 10 royal jellies


   Skills:
 - Level 1.0 Fighting
 - Level 12.1(14.4) Short Blades
 * Level 10.4(11.9) Long Blades
 - Level 2.8(5.1) Slings
 - Level 6.0(6.3) Throwing
 - Level 18.0 Dodging
 + Level 15.3 Stealth
 - Level 8.1 Shields
 - Level 12.0 Spellcasting
 - Level 1.0 Conjurations
 - Level 16.2 Hexes
 - Level 4.0 Charms
   Level 0.7 Summonings
 - Level 2.0 Necromancy
 - Level 6.3 Translocations
 - Level 3.3 Air Magic
 - Level 4.0 Poison Magic
 - Level 7.0 Evocations


You had 13 spell levels left.
You knew the following spells:

 Your Spells              Type           Power        Failure   Level  Hunger
a - Magic Dart            Conj           ###.         3%          1    None
b - Invisibility          Hex            ######..     1%          6    #####..
c - Cure Poison           Pois           ####......   1%          2    None
d - Spectral Weapon       Hex/Chrm       ######..     1%          3    None
e - Shroud of Golubria    Chrm/Tloc      ####......   1%          2    None
q - Blink                 Tloc           N/A          1%          2    None
r - Repel Missiles        Chrm/Air       ####..       1%          2    None
s - Mephitic Cloud        Conj/Pois/Air  ###.....     6%          3    None
w - Regeneration          Chrm/Necr      ####......   4%          3    None
x - Confuse               Hex            ######..     1%          3    None


Dungeon Overview and Level Annotations

Branches:
Dungeon (15/15)            Temple (1/1) D:6            Lair (8/8) D:10
 Shoals (5/5) Lair:4        Snake (1/5) Lair:3        Slime (0/6) Lair:8
    Orc (4/4) D:12            Elf (0/3) Orc:4        Vaults (0/5) D:14
 Depths: D:15

Altars:
Ashenzari
Cheibriados
Dithmenos
Elyvilon
Fedhas
Gozag
Kikubaaqudgha
Makhleb
Nemelex Xobeh
Okawaru
Qazlal
Ru
Sif Muna
Trog
Vehumet
Xom
Yredelemnul
Zin
The Shining One
Beogh
Jiyva

Shops:
D:10 }   D:11 =   D:12 !   D:13 !   D:15 !   Orc:4 ?*=}   Vaults:1 =
Vaults:3 (

Annotations:
D:9 scroll on trap
D:15 1 runed door
Snake:1 Aizul


Innate Abilities, Weirdness & Mutations

You are tiny and cannot use many weapons and most armour.
You have supernaturally acute eyesight.
You are a herbivore.
You cover ground extremely quickly.
You need consume almost no food.
You are clumsy. (Dex -2)
You are robust (+10% HP).
You occasionally shout uncontrollably at your foes.


Message History

The harpy closely misses you. The harpy misses you.
You climb upwards.
There is a stone staircase leading down here.
You climb downwards.
There is a stone staircase leading up here.
Casting: Mephitic Cloud
Confirm with . or Enter, or press ? or * to list all spells.
Aiming: Confuse
Press: ? - help, Shift-Dir - straight line, f - harpy
Aim: a harpy (chance 79%)
The harpy appears confused.
The water elemental hits you!
Unknown command.
You puncture the harpy! You burn the harpy.
The harpy is moderately wounded.
You hit the water elemental but do no damage.
The water elemental closely misses you.
The alligator snapping turtle bites you from afar!!!
Ouch! That really hurt!
You die...
Your body crumbles into a pile of gold.

≈≈≈≈≈≈≈≈≈≈≈≈≈≈≈≈≈
≈≈≈≈≈≈≈≈≈≈≈≈≈≈≈≈≈≈≈
≈≈≈≈≈≈≈≈≈≈≈≈≈≈≈≈≈≈≈ ##
#≈≈≈≈≈≈≈≈≈≈≈≈≈≈≈≈≈≈≈ ≈≈≈
#≈m≈...≈≈≈≈≈≈≈≈≈≈≈≈≈
≈≈≈≈#≈≈...(.≈≈≈≈≈≈≈≈≈≈≈≈≈
≈[≈≈§≈§.....≈≈≈≈H≈≈≈≈≈≈≈≈≈
≈≈≈≈#§........≈≈≈≈≈≈≈≈≈≈≈≈≈
≈≈≈##≈§.......tE@≈≈≈≈≈≈≈≈≈PP
####≈≈≈.......≈.≈≈≈≈≈≈.≈≈≈P≈
≈≈≈≈≈≈m.......≈≈≈..≈≈≈#.≈≈≈P
≈≈≈≈≈≈≈......≈≈≈.#..≈....≈≈≈≈
≈≈≈≈≈≈≈.....≈≈≈≈.##......≈≈≈.
≈≈≈≈≈≈≈.###..≈≈..#........≈≈≈
≈≈≈≈#####..≈≈≈≈≈≈≈..≈≈...≈≈.≈
≈≈≈# ##≈≈≈≈≈≈≈≈≈≈≈≈..≈≈.. ≈≈≈
#.≈P≈.≈≈≈≈≈≈≈≈≈....


You could see an alligator snapping turtle, a water elemental and a harpy
(confused).

Vanquished Creatures
  Saint Roka (Orc:4)
  Polyphemus (Shoals:2)
  Rupert (Shoals:2)
  Wiglaf (Shoals:2)
  Louise (Shoals:2)
  The ghost of krupnik16 the Severer, a powerful HOFi of Okawaru (D:14)
  A stone giant (Shoals:2)
  A minotaur (Lab)
  An ettin (Orc:3)
  A merfolk javelineer (Shoals:1)
  2 merfolk impalers (Shoals:2)
  Josephine (D:10)
  The ghost of mandor the Grappler, a powerful TrCK of Xom (Lair:3)
  4 hydras
  Fannar (Orc:2)
  2 catoblepae
  2 naga warriors
  3 merfolk aquamancers
  A centaur warrior (D:14)
  3 merfolk avatars
  7 death yaks
  A satyr (Shoals:4)
  4 tengu warriors
  An ogre mage (D:14)
  4 iron golems
  7 orc high priests
  A deep elf knight (D:14)
  An unseen horror (D:12)
  13 sea snakes
  Pikel (D:7)
  5 orc knights
  7 harpies
  4 orc sorcerers (Orc:4)
  10 griffons
  8 fauns
  3 ugly things
  9 hill giants
  An oklob plant (Lair:8)
  13 cyclopes
  2 draconians (shapeshifter)
  17 manticores
  9 black mambas
  6 sirens
  8 elephants
  Joseph (D:7)
  6 water nymphs
  19 spiny frogs
  3 gargoyles
  4 kobold demonologists
  7 komodo dragons
  2 centaur skeletons
  2 fire drakes
  5 yaktaurs (D:15)
  A redback zombie (D:14)
  2 deep elf priests (D:14)
  9 trolls
  5 two-headed ogres
  25 merfolk
  A wind drake (shapeshifter) (D:11)
  2 polar bears (D:13)
  3 wind drakes
  6 giant leeches
  A two-headed ogre (shapeshifter) (D:14)
  7 ravens
  6 snapping turtles
  18 blink frogs
  4 basilisks
  13 water elementals
  3 wyverns
  3 deep elf magi
  51 yaks
  Eustachio (D:4)
  13 vampire mosquitoes
  5 wraiths
  Grum (D:10)
  10 wolves
  A hungry ghost (D:11)
  9 hippogriffs
  A warg (Orc:4)
  2 nagas (Snake:1)
  Edmund (Orc:1)
  2 soldier ants
  3 wasps
  A slave (D:7)
  21 water moccasins
  A sky beast (D:12)
  16 porcupines
  A spider (D:9)
  50 orc warriors
  2 ice beasts
  A hornet simulacrum (D:14)
  3 black bears
  A boring beetle (shapeshifter) (D:15)
  16 centaurs
  2 boring beetles
  13 crocodiles
  20 ogres
  Sigmund (D:4)
  Duvessa (D:9)
  6 big kobolds
  Blork the orc (D:4)
  43 giant frogs
  A wyvern zombie (D:14)
  2 gnoll sergeants
  A wyvern skeleton (D:11)
  6 scorpions
  3 electric eels (Lair:8)
  3 vampire bats (D:3)
  5 wights (D:14)
  4 goliath beetles
  9 crimson imps
  Dowan (D:8)
  A quasit (D:8)
  34 orc priests
  12 hounds
  3 centaur zombies
  2 giant frog zombies
  5 jellies
  3 giant frog skeletons
  33 orc wizards
  13 iguanas
  8 worker ants
  36 sheep
  Ijyb (D:2)
  A hound skeleton (D:10)
  A mummy (D:14)
  14 gnolls
  Robin (D:2)
  37 adders
  34 river rats
  A worker ant zombie (D:11)
  2 shadow imps
  A giant mite (D:5)
  4 worms
  11 giant geckos
  An ooze (Sewer)
  298 orcs
  6 bat skeletons
  3 bat zombies
  3 giant cockroaches
  26 hobgoblins
  13 jackals
  33 kobolds
  18 quokkas
  17 bats
  A giant cockroach zombie (D:5)
  A giant gecko skeleton (D:5)
  5 giant newts
  28 goblins
  A jackal zombie (D:8)
  19 rats
  13 ballistomycetes
  A butterfly (Lair:6)
  3 plants
1413 creatures vanquished.

Vanquished Creatures (collateral kills)
  3 river rats (Lair:8)
3 creatures vanquished.

Vanquished Creatures (others)
  A spectral weapon (Lair:3)
  2 drowned souls (Shoals:2)
  A sky beast (D:7)
  3 slaves (D:7)
  An ogre (D:14)
  3 giant spores
  A kobold (D:13)
  28 fungi
  78 plants
118 creatures vanquished.

Grand Total: 1534 creatures vanquished

Notes
Turn   | Place    | Note
--------------------------------------------------------------
     0 | D:1      | Freud, the Spriggan Wizard, began the quest for the Orb.
     0 | D:1      | Reached XP level 1. HP: 9/9 MP: 6/6
   500 | D:1      | Reached XP level 2. HP: 13/13 MP: 0/9
   603 | D:1      | Learned a level 2 spell: Repel Missiles
   606 | D:1      | Learned a level 2 spell: Blink
   875 | D:1      | Reached skill level 1 in Short Blades
  1646 | D:2      | Reached XP level 3. HP: 11/16 MP: 2/12
  1843 | D:2      | Noticed Ijyb
  1960 | D:2      | Killed Ijyb
  1960 | D:2      | Reached skill level 1 in Air Magic
  2015 | D:2      | Noticed Robin
  2058 | D:2      | Reached skill level 5 in Stealth
  2183 | D:2      | Found a stormy altar of Qazlal.
  2212 | D:2      | Learned a level 3 spell: Mephitic Cloud
  2608 | D:2      | Reached XP level 4. HP: 21/21 MP: 0/15
  3225 | D:2      | Killed Robin
  3225 | D:2      | Reached skill level 1 in Conjurations
  3225 | D:2      | Reached skill level 1 in Poison Magic
  3251 | D:3      | Found an iron altar of Okawaru.
  3953 | D:3      | Reached XP level 5. HP: 24/24 MP: 14/18
  4305 | D:3      | Found an ancient bone altar of Kikubaaqudgha.
  4322 | D:3      | Reached skill level 6 in Stealth
  4322 | D:3      | Reached skill level 5 in Spellcasting
  4526 | D:3      | Reached XP level 6. HP: 22/28 MP: 16/21
  4876 | D:4      | Noticed Blork the orc
  5086 | D:4      | Reached skill level 1 in Slings
  5091 | D:4      | Killed Blork the orc
  5091 | D:4      | Reached skill level 5 in Dodging
  5091 | D:4      | Reached XP level 7. HP: 25/32 MP: 12/22
  5787 | D:4      | Noticed Sigmund
  5830 | D:4      | Killed Sigmund
  5830 | D:4      | Reached skill level 1 in Throwing
  5871 | D:4      | Found a sacrificial altar of Ru.
  6266 | D:4      | Noticed Eustachio
  6436 | D:4      | Killed Eustachio
  6923 | D:5      | Entered Level 5 of the Dungeon
  6957 | D:5      | Found a glowing drain.
  6973 | Sewer    | Entered a sewer
  7157 | Sewer    | Reached skill level 1 in Evocations
  7157 | Sewer    | Reached XP level 8. HP: 23/36 MP: 21/25
  7657 | D:5      | Reached skill level 1 in Charms
  8151 | D:5      | Found a sparkling altar of Nemelex Xobeh.
  8505 | D:5      | Reached skill level 7 in Stealth
  9089 | D:6      | Reached XP level 9. HP: 35/39 MP: 27/27
  9104 | D:6      | Found a staircase to the Ecumenical Temple.
  9119 | Temple   | Entered the Ecumenical Temple
  9773 | D:6      | Reached skill level 8 in Stealth
 10038 | D:7      | Found a burning altar of Makhleb.
 10212 | D:7      | Noticed Pikel
 10404 | D:7      | Noticed Joseph
 10633 | D:7      | Found a burning altar of Makhleb.
 10941 | D:7      | Killed Joseph
 10941 | D:7      | Reached skill level 5 in Short Blades
 10941 | D:7      | Reached skill level 5 in Throwing
 10941 | D:7      | Reached skill level 9 in Stealth
 11027 | D:7      | Killed Pikel
 11211 | D:8      | Noticed Duvessa
 11211 | D:8      | Noticed Dowan
 11272 | D:8      | Reached skill level 10 in Stealth
 11277 | D:8      | Noticed an iron golem
 11277 | D:8      | Noticed an iron golem
 11277 | D:8      | Noticed an iron golem
 11277 | D:8      | Noticed an iron golem
 11599 | D:8      | Reached XP level 10. HP: 37/44 MP: 26/29
 11643 | D:8      | Killed Dowan
 11772 | D:8      | Learned a level 3 spell: Confuse
 11900 | D:8      | Reached skill level 1 in Hexes
 13869 | D:9      | Found a bloodstained altar of Trog.
 14000 | D:9      | Reached skill level 5 in Hexes
 14130 | D:9      | Killed Duvessa
 14174 | D:9      | Found an opulent altar of Gozag.
 14181 | D:9      | Became a worshipper of Gozag Ym Sagoz the Greedy
 14360 | D:9      | Found a glowing silver altar of Zin.
 14398 | D:9      | Found a glowing silver altar of Zin.
 14794 | D:9      | Gained mutation: You are clumsy. (Dex -2) [potion of mutation]
 14794 | D:9      | Gained mutation: You occasionally shout uncontrollably at your foes. [potion of mutation]
 14794 | D:9      | Gained mutation: You are robust (+10% HP). [potion of mutation]
 14803 | D:9      | Learned a level 5 spell: Gell's Gravitas
 14856 | D:10     | Entered Level 10 of the Dungeon
 14883 | D:10     | Noticed Josephine
 14958 | D:10     | Noticed Grum
 15031 | D:10     | Noticed a griffon
 15164 | D:10     | Reached skill level 5 in Translocations
 15281 | D:10     | Noticed a hill giant
 15386 | D:10     | Killed a griffon
 15416 | D:10     | Killed Grum
 15441 | D:10     | Killed a hill giant
 15490 | D:10     | Found a staircase to the Lair.
 16227 | D:10     | Reached XP level 11. HP: 41/51 MP: 24/31
 16725 | D:10     | Killed Josephine
 16725 | D:10     | Reached skill level 5 in Evocations
 16953 | D:10     | Found Olakk's Gadget Emporium.
 16965 | D:10     | Learned a level 2 spell: Shroud of Golubria
 16975 | D:10     | Learned a level 3 spell: Spectral Weapon
 16982 | D:10     | Learned a level 3 spell: Regeneration
 17326 | Lair:1   | Entered Level 1 of the Lair of Beasts
 17656 | Lair:2   | Reached skill level 1 in Necromancy
 18272 | Lair:1   | Learned a level 6 spell: Invisibility
 20846 | Lair:3   | Found a staircase to the Snake Pit.
 20884 | Lair:3   | Noticed mandor's ghost (powerful TrCK)
 20926 | Lair:3   | Killed mandor's ghost
 20926 | Lair:3   | Reached skill level 10 in Spellcasting
 20926 | Lair:3   | Reached skill level 10 in Hexes
 20988 | Lair:3   | Reached XP level 12. HP: 35/56 MP: 1/33
 21783 | D:7      | Killed an iron golem
 21808 | D:8      | Killed an iron golem
 21808 | D:8      | Reached skill level 11 in Hexes
 22019 | D:8      | Killed an iron golem
 22034 | D:8      | Killed an iron golem
 22283 | Lair:4   | Found a staircase to the Shoals.
 23213 | Lair:5   | Reached skill level 12 in Spellcasting
 23408 | Lair:5   | You fall through a shaft for 2 floors!
 23685 | Lair:7   | Noticed a catoblepas
 24141 | Lair:7   | Killed a catoblepas
 24233 | Lair:7   | Noticed a six-headed hydra
 24240 | Lair:7   | Killed a six-headed hydra
 24674 | Lair:7   | Reached XP level 13. HP: 52/60 MP: 24/35
 25130 | Lair:7   | Reached skill level 13 in Stealth
 25343 | Lair:5   | Noticed an eight-headed hydra
 25361 | Lair:5   | Killed an eight-headed hydra
 25428 | Lair:5   | Reached skill level 10 in Short Blades
 25469 | Lair:5   | Reached skill level 10 in Dodging
 25828 | Lair:5   | Identified a scroll of acquirement
 25993 | Lair:5   | You fall through a shaft for 3 floors!
 25993 | Lair:8   | Entered Level 8 of the Lair of Beasts
 26075 | Lair:8   | Found a staircase to the Slime Pits.
 26076 | Lair:8   | Found a viscous altar of Jiyva.
 31007 | Lair:8   | Reached XP level 14. HP: 46/64 MP: 7/36
 31579 | Lair:8   | Reached skill level 14 in Dodging
 32106 | Lair:8   | Got a shimmering pewter ring
 32115 | Lair:8   | Identified a +5 rod of destruction (14/14) (You found it on level 8 of the Lair of Beasts)
 32118 | Lair:8   | Identified the ring "Yriumomm" {+Fly rElec Slay+5 Stlth-} (You found it on level 8 of the Lair of Beasts)
 32868 | D:11     | Found Khommis' Jewellery Boutique.
 32979 | D:10     | Reached skill level 1 in Shields
 34229 | Lair:1   | Got a warped cloak
 34249 | Lair:1   | Identified the -2 cloak "Serouz" {Contam rPois rF+ MR+ MP-9} (You acquired it on level 1 of the Lair of Beasts)
 34340 | D:12     | Found Wuclaxur's Distillery.
 34343 | D:12     | Bought a potion of berserk rage for 60 gold pieces
 34480 | D:12     | Found a labyrinth entrance.
 34489 | Lab      | Entered a labyrinth
 34793 | Lab      | Got a pitted chain mail
 34793 | Lab      | Got a thick robe
 34814 | Lab      | Identified the +0 robe of the Cricket {rN+} (You found it in a labyrinth)
 34818 | D:12     | Upgraded the game from 0.16.1-51-g6203257 to 0.16.1-66-g04f09c5
 35525 | D:12     | Found a staircase to the Orcish Mines.
 35537 | D:12     | Found a roughly hewn altar of Beogh.
 35738 | D:12     | Found a shimmering altar of Xom.
 35738 | D:12     | Found a shimmering altar of Xom.
 35751 | D:12     | Found a shimmering altar of Xom.
 35751 | D:12     | Found a shimmering altar of Xom.
 35752 | D:12     | Found a shimmering altar of Xom.
 35752 | D:12     | Found a shimmering altar of Xom.
 36103 | D:13     | Reached skill level 1 in Long Blades
 36134 | D:13     | Found Feesevopt's Distillery.
 36139 | D:13     | Bought a potion of cancellation for 120 gold pieces
 36139 | D:13     | Bought a potion of resistance for 150 gold pieces
 36139 | D:13     | Bought a potion of lignification for 45 gold pieces
 36556 | D:13     | Reached skill level 5 in Long Blades
 36645 | D:13     | Found a bloodstained altar of Trog.
 36968 | Orc:1    | Entered Level 1 of the Orcish Mines
 36968 | Orc:1    | Found a glowing golden altar of the Shining One.
 36969 | Orc:1    | Noticed Edmund
 36977 | Orc:1    | Killed Edmund
 37949 | Orc:3    | You fall through a shaft!
 37949 | Orc:4    | Entered Level 4 of the Orcish Mines
 38240 | Orc:2    | Found a roughly hewn altar of Beogh.
 38342 | Orc:2    | Found a roughly hewn altar of Beogh.
 38445 | Orc:2    | Noticed Fannar
 38483 | Orc:2    | Killed Fannar
 39134 | Orc:3    | Reached XP level 15. HP: 66/69 MP: 22/37
 40907 | Orc:4    | Found a staircase to the Elven Halls.
 41221 | Orc:4    | Noticed Saint Roka
 41683 | Orc:4    | Killed Saint Roka
 41683 | Orc:4    | Reached skill level 5 in Shields
 41856 | Orc:4    | Found a roughly hewn altar of Beogh.
 41890 | Orc:4    | Found Shriec's Magic Scroll Emporium.
 42034 | Orc:4    | Bought a scroll of identify for 30 gold pieces
 42232 | Orc:4    | Found Threcsea's Assorted Antiques.
 42335 | Orc:4    | Bought an ichor-stained blowgun for 172 gold pieces
 42336 | Orc:4    | Identified the cursed +3 blowgun of Plothye {speed, +Fly rElec rPois rF- SInv} (You bought it in a shop on level 4 of the Orcish Mines)
 42338 | Orc:4    | Bought a potion of heal wounds for 115 gold pieces
 43402 | Orc:4    | Found a roughly hewn altar of Beogh.
 43558 | Orc:4    | Found Minoirut's Gadget Emporium.
 43592 | Orc:4    | Found Caattus' Jewellery Shoppe.
 44501 | D:14     | Reached skill level 15 in Stealth
 44906 | D:14     | Found a gate to the Vaults.
 44937 | D:14     | Reached skill level 1 in Fighting
 45521 | D:14     | Noticed krupnik16's ghost (powerful HOFi)
 45650 | D:14     | Killed krupnik16's ghost
 46671 | Orc:4    | Bought a cursed +4 ring of slaying for 1050 gold pieces
 46671 | Orc:4    | Bought the cursed ring "Napabb" {rF+ rN+ MR+ Int-3 Stlth-} for 264 gold pieces
 46983 | Orc:4    | Bought a rapier for 92 gold pieces
 47250 | D:15     | Entered Level 15 of the Dungeon
 47257 | D:15     | Found Xuyddyih's Distillery.
 47275 | D:15     | Bought a potion of heal wounds for 75 gold pieces
 47735 | D:15     | Found a runed door.
 47736 | D:15     | Noticed a sphinx
 48258 | Snake:1  | Entered Level 1 of the Snake Pit
 48417 | Snake:1  | Noticed Aizul
 48535 | Lair:1   | Learned a level 2 spell: Cure Poison
 48621 | Shoals:1 | Entered Level 1 of the Shoals
 49055 | Lair:4   | Reached XP level 16. HP: 30/75 MP: 22/38
 50493 | Shoals:2 | Noticed Rupert
 50503 | Shoals:2 | Killed Rupert
 50503 | Shoals:2 | Reached skill level 15 in Hexes
 51010 | Shoals:2 | Noticed Wiglaf
 51022 | Shoals:2 | Killed Wiglaf
 51551 | Shoals:2 | Reached skill level 16 in Hexes
 52305 | Shoals:2 | Noticed Louise
 52359 | Shoals:2 | Noticed Polyphemus
 52591 | Shoals:2 | Reached skill level 15 in Dodging
 52781 | Shoals:2 | Killed Louise
 53849 | Shoals:2 | Killed Polyphemus
 54046 | Shoals:3 | Reached skill level 17 in Dodging
 54941 | Shoals:4 | Reached skill level 18 in Dodging
 55055 | Shoals:2 | HP: 2/75 [water elemental (15)]
 55352 | Shoals:1 | Reached XP level 17. HP: 64/79 MP: 29/38
 55581 | Shoals:4 | Reached skill level 10 in Long Blades
 56033 | Shoals:5 | Entered Level 5 of the Shoals
 56303 | Shoals:5 | Slain by an alligator snapping turtle

Action                   |  1- 3 |  4- 6 |  7- 9 | 10-12 | 13-15 | 16-18 || total
-------------------------+-------+-------+-------+-------+-------+-------++-------
Melee: Dagger            |    22 |    31 |    87 |   681 |  1669 |   508 ||  2998
       Unarmed           |     2 |       |       |       |       |       ||     2
       Whip              |    18 |       |       |       |       |       ||    18
       Short sword       |     3 |    12 |    93 |       |    12 |       ||   120
       Rapier            |       |       |       |       |    28 |       ||    28
 Fire: Blowgun           |       |    29 |   120 |    75 |    20 |    40 ||   284
       Hunting sling     |       |     1 |   157 |   200 |    12 |    22 ||   392
Throw: Tomahawk          |       |       |    14 |    14 |     3 |     2 ||    33
       Stone             |       |       |       |     2 |       |       ||     2
 Cast: Magic Dart        |   109 |   128 |    97 |     2 |       |       ||   336
       Mephitic Cloud    |       |     3 |    15 |    67 |   207 |    57 ||   349
       Blink             |       |     2 |     8 |     3 |    21 |     5 ||    39
       Repel Missiles    |       |       |     2 |       |     4 |     9 ||    15
       Confuse           |       |       |       |   166 |   292 |   140 ||   598
       Gell's Gravitas   |       |       |       |     4 |       |       ||     4
       Spectral Weapon   |       |       |       |    25 |       |       ||    25
       Shroud of Golubri |       |       |       |    25 |    34 |    11 ||    70
       Regeneration      |       |       |       |     9 |    15 |     7 ||    31
       Invisibility      |       |       |       |     3 |     4 |       ||     7
Invok: Potion Petition   |       |       |       |     1 |       |       ||     1
       Call Merchant     |       |       |       |       |     6 |       ||     6
 Abil: Stop Flying       |       |       |       |       |     3 |       ||     3
       Evoke Flight      |       |       |       |       |     3 |       ||     3
Evoke: Wand              |       |       |       |     1 |     4 |       ||     5
       Rod               |       |       |       |       |     3 |       ||     3
  Use: Scroll            |     3 |     1 |     6 |    11 |    21 |     4 ||    46
       Potion            |       |     1 |       |     4 |     6 |     6 ||    17
 Stab: Sleeping          |     7 |    10 |    33 |    35 |    55 |     6 ||   146
       Confused          |       |     3 |    14 |   122 |   342 |    97 ||   578
       Distracted        |       |     1 |     4 |     9 |    26 |     5 ||    45
       Invisible         |       |       |       |    23 |     9 |       ||    32
  Eat: Pizza             |       |     1 |       |     4 |     1 |     1 ||     7
       Fruit             |       |       |     2 |     6 |     9 |       ||    17
       Bread ration      |       |       |     1 |       |     3 |       ||     4
       Royal jelly       |       |       |       |       |       |     2 ||     2
